 Dungeon Crawl Stone Soup version 0.20.1-1-g8b1a95d (webtiles) character file.

32 Irenicus the Chopper (level 3, 0/32 HPs)
             Began as a Deep Dwarf Gladiator on Nov 5, 2017.
             Slain by a gnoll
             ... wielding a +0 spear
              (3 damage)
             ... on level 5 of the Dungeon.
             The game lasted 00:03:17 (489 turns).

Irenicus the Chopper (Deep Dwarf Gladiator)          Turns: 489, Time: 00:03:17

Health: 0/32       AC:  4    Str: 14 (17) XL:     3   Next: 8%
Magic:  2/2        EV: 13    Int:  5 (8)  God:
Gold:   41         SH:  0    Dex: 14 (17) Spells: 1/2 levels left

rFire    . . .     SeeInvis .   m - +0 hand axe
rCold    . . .     Gourm    .   (no shield)
rNeg     . . .     Faith    .   b - +0 leather armour
rPois    .         Spirit   .   c - +0 helmet
rElec    .         Reflect  .   (no cloak)
rCorr    .         Harm     .   (no gloves)
MR       .....                  (no boots)
Stlth    +.........             (no amulet)
Regen    0.0/turn               e - +2 ring of dexterity
MPRegen  0.1/turn               (no ring)

@: very slightly contaminated, non-regenerating
A: damage resistance, heal wounds, sense surroundings 1, no regeneration
a: Heal Wounds


You were on level 5 of the Dungeon.
You were not hungry.

You visited 1 branch of the dungeon, and saw 5 of its levels.

You collected 41 gold pieces.

Inventory:

Hand Weapons
 a - a +0 war axe
 m - a +0 hand axe (weapon)
Missiles
 d - 3 throwing nets (quivered)
Armour
 b - a +0 leather armour (worn)
 c - a +0 helmet (worn)
Jewellery
 e - a +2 ring of dexterity (left hand)
Scrolls
 g - a scroll of random uselessness
 l - a scroll of magic mapping {unknown}
Books
 j - a book of Cantrips

   Spells                             Type                      Level
   a - Confusing Touch                Hexes                        1
   b - Animate Skeleton               Necromancy                   1
   c - Summon Small Mammal            Summoning                    1
   d - Apportation                    Translocation                1
Comestibles
 f - 2 bread rations
 k - a royal jelly
 n - 2 fruits


   Skills:
 - Level 1.7 Fighting
 + Level 4.7 Axes
 - Level 1.7 Throwing
 - Level 3.2 Dodging


You had one spell level left.
You knew the following spells:

 Your Spells              Type           Power        Failure   Level  Hunger
a - Apportation           Tloc           #.....       56%         1    ##.....


Dungeon Overview and Level Annotations

Branches:
Dungeon (5/15)
 Temple: D:4-7

Altars:
Hepliaklqana
Sif Muna
Uskayaw
Yredelemnul


Innate Abilities, Weirdness & Mutations

You are resistant to damage.
You can heal yourself by infusing magical energy.
You passively map a small area around you.
You do not regenerate.


Message History

The gnoll is heavily wounded.
You hit the gnoll but do no damage. The gnoll hits you with a whip.
The gnoll hits you but does no damage.
The gnoll hits you from afar with a spear.
* * * LOW HITPOINT WARNING * * *
You slash the gnoll!
You kill the gnoll!
You have reached level 3!
Your experience leads to an increase in your attributes!
Your base attributes are Str 17, Int 8, Dex 14.
Increase (S)trength, (I)ntelligence, or (D)exterity?
You feel agile.
You hit the gnoll. The gnoll misses you. x2
You barely miss the gnoll.
The gnoll is severely wounded.
The gnoll barely misses you. The gnoll misses you.
The gnoll hits you with a whip.
* * * LOW HITPOINT WARNING * * *
The gnoll hits you with a spear.
You die...

#..#.#.#....#.#
*.%..#.#....#.#
*
#.#........'.#*
*
#.#........###*
, #.#.....####
#.#.....# ,,,
#.#...$.#
#.#.####### *
#g@g....... , ,
#.#........ * ,
*#'########.
,... , * ,*
..... , ......(
,* * #........
, , #.........
* , #.#########
,


You could see 2 gnolls.

Vanquished Creatures
  A gnoll (D:5)
  An adder skeleton (D:4)
  2 dart slugs
  A bat (D:1)
  A giant cockroach (D:3)
  2 hobgoblins (D:1)
  3 kobolds
  3 frilled lizards
  3 rats
17 creatures vanquished.

Notes
Turn   | Place    | Note
-------+----------+-------------------------------------------
     0 | D:1      | Irenicus the Deep Dwarf Gladiator began the quest for the Orb.
     0 | D:1      | Reached XP level 1. HP: 19/19 MP: 1/1
   103 | D:1      | Reached skill level 4 in Axes
   103 | D:1      | Reached XP level 2. HP: 17/26 MP: 2/2
   223 | D:3      | Found a faded altar of an unknown god.
   235 | D:3      | Learned a level 1 spell: Apportation
   261 | D:3      | Found a hazy altar of Hepliaklqana.
   296 | D:4      | Found a hide-covered altar of Uskayaw.
   296 | D:4      | Found a basalt altar of Yredelemnul.
   297 | D:4      | Found a deep blue altar of Sif Muna.
   463 | D:5      | Entered Level 5 of the Dungeon
   487 | D:5      | Reached XP level 3. HP: 8/32 MP: 2/2
   489 | D:5      | Slain by a gnoll

Skill      XL: |  1 |
---------------+----+-----
Axes           | 4 |  4.7
Fighting       | |  1.7
Throwing       | |  1.7
Dodging        | |  3.2

Action                   || total
-------------------------++-------
Melee: War axe           ||    39
       Hand axe          ||    20
 Abil: Heal Wounds       ||     1
  Use: Scroll            ||     3
       Potion            ||     1
Armor: Leather armour    ||     9
Dodge: Dodged            ||    42
